 Dungeon Crawl Stone Soup version 0.28.0-47-ge53b351184 (webtiles) character file.

Game seed: 11189615647893516470

42 DildoBatman the Conjurer (level 3, -3/24 HPs)
             Began as a Formicid Conjurer on Apr 21, 2022.
             Slain by an adder (4 damage)
             ... on level 2 of the Dungeon on Apr 26, 2022.
             The game lasted 00:03:53 (1664 turns).

DildoBatman the Conjurer (Formicid Conjurer)        Turns: 1664, Time: 00:03:53

Health: -3/24      AC:  3    Str: 11    XL:     3   Next: 77%
Magic:  4/6        EV: 12    Int: 17    God:
Gold:   80         SH:  0    Dex: 11    Spells: 3/6 levels left

rFire   . . .      SeeInvis +   i - +0 short sword
rCold   . . .      Faith    .   (no shield)
rNeg    . . .      Spirit   .   a - +0 robe
rPois   .          Reflect  .   (helmet unavailable)
rElec   .          Harm     .   (no cloak)
rCorr   .          Rampage  .   m - +0 pair of gloves
Will    .....                   (no boots)
Stlth   ++........              (no amulet)
HPRegen 0.08/turn               (no ring)
MPRegen 0.10/turn               (no ring)

@: no status effects
A: permanent stasis, dig shafts and tunnels, antennae 3, four strong arms
a: Dig, Shaft Self


You were on level 2 of the Dungeon.
You visited 1 branch of the dungeon, and saw 2 of its levels.

You collected 80 gold pieces.

Inventory:

Hand Weapons
 b - a +0 club
 i - a +0 short sword (weapon)
Missiles
 g - 129 stones
 h - 48 sling bullets
 k - 32 arrows
 n - 2 throwing nets
 s - 4 poisoned darts
Armour
 a - a +0 robe (worn)
 c - a +0 buckler
 m - a +0 pair of gloves (worn)
Scrolls
 e - a scroll of fog {unknown}
 f - a scroll of teleportation {unknown}
 j - a scroll of identify {unknown}
 l - a scroll of immolation {unknown}
 p - a scroll of blinking {unknown}
Potions
 d - 2 potions of haste {unknown}
 o - a potion of curing {unknown}
 q - a potion of brilliance {unknown}
 r - a potion of ambrosia {unknown}


   Skills:
 - Level 1.7 Dodging
 - Level 2.4 Stealth
 * Level 0.9 Shields
 - Level 2.1 Spellcasting
 * Level 4.6 Conjurations


You had 3 spell levels left.
You knew the following spells:

 Your Spells              Type           Power      Damage    Failure   Level
a - Searing Ray           Conj           34%        2d5       4%          2
c - Magic Dart            Conj           68%        1d6       2%          1

Your spell library contained the following spells:

 Spells                   Type           Power      Damage    Failure   Level
 Sandblast                Erth           2%         2d4       19%         1
 Dazzling Flash           Conj/Hex       18%        N/A       22%         3
 Stone Arrow              Conj/Erth      18%        3d8       22%         3
 Passwall                 Tmut/Erth      0%         N/A       28%         2
 Fulminant Prism          Conj/Hex       4%         3d6       58%         4
 Iskenderun's Mystic Bla  Conj/Tloc      9%         2d4       58%         4


Dungeon Overview and Level Annotations

Branches:
Dungeon (2/15)

Altars:

Annotations:
D:2 Jessica


Innate Abilities, Weirdness & Mutations

You cannot be hasted, slowed, berserked, paralysed or teleported.
You can dig through walls and to a lower floor.
You have a pair of large antennae on your head. (SInv)
Your four strong arms can wield two-handed weapons with a shield.


Message History

t - Shout!
Orders for allies: a - Attack new target. r - Retreat! s - Stop attacking. g - Guard the area. f - Follow me.
Anything else - Cancel.
You shout for attention!
You feel sick. The adder bites you. The frilled lizard closely misses you.
The adder barely misses you. What are your orders? t - Shout!
Orders for allies: a - Attack new target. r - Retreat! s - Stop attacking. g - Guard the area. f - Follow me.
Anything else - Cancel.
You shout for attention!
You feel sick. The adder bites you but does no damage.
The frilled lizard closely misses you. What are your orders? t - Shout!
Orders for allies: a - Attack new target. r - Retreat! s - Stop attacking. g - Guard the area. f - Follow me.
Anything else - Cancel.
You shout for attention!
You feel sick.
You are no longer poisoned.
The adder misses you. The frilled lizard bites you.
What are your orders? t - Shout!
Orders for allies: a - Attack new target. r - Retreat! s - Stop attacking. g - Guard the area. f - Follow me.
Anything else - Cancel.
You shout for attention!
The adder bites you.
You die...

#...... .<#.# #......
#####.#.# #......
.......#######
##......
###............
#.......
...............
#.......
.....<.........
#.......
###............
#....... ......l@S#.#
#....... ####.###.#.#
####'### ##### { .
#...#.# #.# )...##
...## .#.###.# #.#
.....###..#. .#.# #.#
#.# ###..#....#.#.#.#
#.# #######.###
#.........#.#.#.###.#
#..........
#.#..#.#..#.........#
#..........
..#.................#
#..........


You could see an adder and a frilled lizard.

Vanquished Creatures
  A worm (D:2)
  A dart slug (D:1)
  6 ball pythons
  5 endoplasms
  A giant cockroach (D:1)
  5 goblins (D:1)
  A hobgoblin (D:1)
  A quokka (D:1)
  6 bats
  3 frilled lizards
  6 kobolds
  A rat (D:1)
37 creatures vanquished.

Notes
Turn   | Place    | Note
-------+----------+-------------------------------------------
     0 | D:1      | DildoBatman the Formicid Conjurer began the quest for the
                  | Orb.
     0 | D:1      | Reached XP level 1. HP: 13/13 MP: 3/3
   157 | D:1      | Reached XP level 2. HP: 19/19 MP: 1/5
   172 | D:1      | Learned a level 2 spell: Searing Ray
   180 | D:1      | Reached skill level 4 in Conjurations
   352 | D:1      | Reached XP level 3. HP: 24/24 MP: 2/6
  1145 | D:2      | Noticed Jessica
  1512 | D:2      | Found a faded altar of an unknown god.
  1645 | D:2      | Upgraded the game from 0.28.0-45-g0d030f2227 to
                  | 0.28.0-47-ge53b351184
  1663 | D:2      | HP: 1/24 [frilled lizard (3)]
  1664 | D:2      | Slain by an adder

Illustrated notes

Levels and vault maps discovered:
D:1:      doesnt_arrival_eight_statues, layout_basic, minmay_pentomino_t2
D:2:      minmay_chambers_of_ones, layout_basic,
          dreamdust_ecumenical_altar_grove, grunt_decor_junction, uniq_jessica

Skill      XL: |  1  2 |
---------------+-------+-----
Conjurations   | 4 |  4.6
Dodging        | |  1.7
Stealth        | |  2.4
Shields        | |  0.9
Spellcasting   | |  2.1

Action                   || total
-------------------------++-------
Melee: Club              ||     8
 Cast: Magic Dart        ||    60
       Searing Ray       ||     3
Armor: Robe              ||    20
Dodge: Dodged            ||    46
